 Dungeon Crawl Stone Soup version 0.19.4-8-ga85b6b9 (webtiles) character file.

151 protoss039 the Chopper (level 5, -13/41 HPs)
             Began as a Demonspawn Fighter on Feb 7, 2017.
             Killed by divine providence
             ... invoked by an orc priest
              (16 damage)
             ... on level 3 of the Dungeon.
             The game lasted 00:05:39 (3058 turns).

protoss039 the Chopper (Demonspawn Fighter)         Turns: 3058, Time: 00:05:39

Health: -13/41     AC:  6    Str: 17    XL:     5   Next: 11%
Magic:  0/5        EV:  7    Int:  9    God:
Gold:   160        SH:  9    Dex: 13    Spells: 0 memorised, 4 levels left

rFire  . . .     SeeInvis .     a - +0 war axe
rCold  . . .     Gourm    .     b - +0 scale mail
rNeg   . . .     Faith    .     c - +0 shield
rPois  .         Spirit   +     (helmet restricted)
rElec  .         Reflect  .     (no cloak)
rCorr  .         Harm     .     (no gloves)
MR     .....                    (no boots)
Stlth  ..........               (no amulet)
                                (no ring)
                                (no ring)

@: no status effects
A: antennae 2, magic shield
a: no special abilities


You were on level 3 of the Dungeon.
You were not hungry.

You visited 1 branch of the dungeon, and saw 3 of its levels.

You collected 160 gold pieces.

Inventory:

Hand Weapons
 a - a +0 war axe (weapon)
Armour
 b - a +0 scale mail (worn)
 c - a +0 shield (worn)
Wands
 r - a wand of iceblast (4/15)
Scrolls
 h - 3 scrolls of teleportation {unknown}
 k - 3 scrolls of identify {unknown}
 l - a scroll of enchant weapon {unknown}
 o - 2 scrolls of enchant armour {unknown}
 q - a scroll of magic mapping {unknown}
Potions
 d - 2 potions of might
 e - a potion of lignification {unknown}
 g - a potion of agility {unknown}
 i - 3 potions of heal wounds {unknown}
 j - 3 potions of curing {unknown}
 p - a potion of degeneration {unknown}
Comestibles
 f - 5 bread rations
 m - 2 fruits
 n - a slice of pizza
 s - a chunk of flesh


   Skills:
 + Level 3.4 Fighting
 * Level 3.8 Axes
 + Level 3.2 Armour
 + Level 3.1 Shields


You had 4 spell levels left.
You didn't know any spells.

Dungeon Overview and Level Annotations

Branches:
Dungeon (3/15)

Altars:


Innate Abilities, Weirdness & Mutations

You have a pair of antennae on your head.
When hurt, damage is shared between your health and your magic reserves.


Message History

You block the puff of frost.
The orc priest calls down the wrath of Beogh upon you.
Beogh smites you!
The orc priest hits you but does no damage.
You closely miss the orc priest.
The orc priest is moderately wounded.
You barely miss something. You hit the orc but do no damage.
You block the orc's attack. Something hits you.
* * * LOW HITPOINT WARNING * * *
The orc priest hits you.
* * * LOW HITPOINT WARNING * * *
You hear some strange, mumbled words.
A magic dart appears from out of thin air!
The magic dart hits you!
* * * LOW HITPOINT WARNING * * *
The orc hits you with a flail.
* * * LOW HITPOINT WARNING * * *
The orc priest calls down the wrath of Beogh upon you.
Beogh smites you!
You die...

.#.###........+.........# #.#...
.#.####...#####.........####.###.
...................).............
###.###............###.#####.###.
...................).......#.###.
###..#..................##.#.#...
##.#...................#.#.#.#.
###...........o{o......<#.#.#.#.
#..............@oo........#.#.##
#.##.#.#######+###......###.....
#.##.#.# #................##
#)##...# #####..o...........
#.###..# #.............. #.# #.>#
#.....######### ##.###### #######
#......# ######## #......#
#......#


You could see 3 orc priests and an orc.

Vanquished Creatures
  5 adders
  2 oozes
  4 worms
  2 leopard geckos
  3 orcs (D:3)
  5 giant cockroaches
  9 goblins
  8 hobgoblins
  13 jackals
  6 bats
  3 frilled lizards (D:1)
  6 kobolds
  9 rats
75 creatures vanquished.

Notes
Turn   | Place    | Note
-------+----------+-------------------------------------------
     0 | D:1      | protoss039 the Demonspawn Fighter began the quest for the Orb.
     0 | D:1      | Reached XP level 1. HP: 18/18 MP: 1/1
   156 | D:1      | Gained mutation: When hurt, damage is shared between your health and your magic reserves. [demonic ancestry]
   156 | D:1      | Reached XP level 2. HP: 23/24 MP: 2/2
   756 | D:2      | Gained mutation: You have a pair of small antennae on your head. [demonic ancestry]
   756 | D:2      | Reached XP level 3. HP: 27/29 MP: 3/3
  1388 | D:2      | Reached XP level 4. HP: 28/35 MP: 4/4
  1836 | D:2      | Found a faded altar of an unknown god.
  2767 | D:3      | Gained mutation: You have a pair of antennae on your head. [demonic ancestry]
  2767 | D:3      | Reached XP level 5. HP: 33/41 MP: 3/5
  3058 | D:3      | Killed from afar by an orc priest

Skill      XL: |  1  2  3  4 |
---------------+-------------+-----
Axes           | 2 3 |  3.8
Armour         | 3 |  3.2
Shields        | 3 |  3.1
Fighting       | |  3.4

Action                   |  1- 3 |  4- 6 || total
-------------------------+-------+-------++-------
Melee: War axe           |   123 |   130 ||   253
  Eat: Chunk             |     2 |     5 ||     7
Armor: Scale mail        |    61 |    52 ||   113
Dodge: Dodged            |    35 |    31 ||    66
Block: Shield            |    82 |    74 ||   156
